 Dungeon Crawl Stone Soup version 0.24.0-1-gfbc8707 (webtiles) character file.

Game seed: 17175940476124160389, levelgen mode: deterministic

118 Dorkslayer the Sneak (level 5, -2/36 HPs)
             Began as an Octopode Assassin on Nov 14, 2019.
             Slain by Grinder (7 damage)
             ... on level 3 of the Dungeon.
             The game lasted 00:08:29 (1527 turns).

Dorkslayer the Sneak (Octopode Assassin)            Turns: 1527, Time: 00:08:30

Health: -2/36      AC:  1    Str: 11    XL:     5   Next: 2%
Magic:  0/5        EV: 13    Int: 13    God:
Gold:   166        SH:  0    Dex: 14    Spells: 4/4 levels left

rFire    + . .     SeeInvis .   o - +4 dagger (drain)
rCold    + . .     Gourm    .   (no shield)
rNeg     . . .     Faith    .   (helmet restricted)
rPois    +         Spirit   +   g - amulet of guardian spirit
rElec    +         Reflect  .   j - ring of protection from magic
rCorr    +         Harm     .   (no ring)
MR       +....                  (no ring)
Stlth    +++++.....             (no ring)
HPRegen  0.12/turn              (no ring)
MPRegen  0.09/turn              (no ring)
                                (no ring)
                                (no ring)

@: resistant, flying
A: almost no armour, stealthy swim, amphibious, 8 rings, constrict 8, camouflage
1, gelatinous body 1
a: no special abilities


You were on level 3 of the Dungeon.
You were not hungry.

You visited 1 branch of the dungeon, and saw 3 of its levels.

You collected 166 gold pieces.

Inventory:

Hand Weapons
 h - a +0 hand axe of flaming
 o - a +4 dagger of draining (weapon)
Missiles
 b - 8 poisoned darts
 c - 4 curare-tipped darts (quivered)
 m - 4 datura-tipped darts
Jewellery
 g - an amulet of guardian spirit (around mantle)
 j - a ring of protection from magic (left tentacle)
Wands
 l - a wand of iceblast (9)
Scrolls
 a - a scroll of immolation {unknown}
 i - a scroll of magic mapping {unknown}
Comestibles
 d - 2 rations
 f - 8 chunks of flesh


   Skills:
 + Level 2.9 Fighting
 + Level 2.8 Short Blades
 + Level 2.0 Throwing
 + Level 1.1 Dodging
 + Level 7.2 Stealth
 * Level 0.4 Evocations


You had 4 spell levels left.
You didn't know any spells.
Your spell library was empty.

Dungeon Overview and Level Annotations

Branches:
Dungeon (3/15)

Altars:
Ashenzari
Cheibriados
Hepliaklqana
Okawaru
Qazlal
Uskayaw
The Shining One

Annotations:
D:3 Grinder


Innate Abilities, Weirdness & Mutations

You cannot wear most types of armour.
You are very stealthy in the water. (Stealth+)
You are amphibious.
You can wear up to eight rings at the same time.
You can use your tentacles to constrict eight enemies at once.
Your skin changes colour to match your surroundings (Stealth+).
Your rubbery body absorbs attacks. (AC +1, EV +1)


Message History

You closely miss Grinder. You grab Grinder.
Grinder is lightly wounded.
You constrict Grinder, but do no damage.
Grinder hits you!
You writhe in agony.
* * * LOW HITPOINT WARNING * * *
It was a potion of resistance.
You feel protected.
You constrict Grinder. Grinder gestures at you. You resist with some effort.
It was a potion of flight.
You feel very buoyant.
You fly up into the air.
You constrict Grinder. Grinder hits you.
* * * LOW HITPOINT WARNING * * *
You writhe in agony.
* * * LOW HITPOINT WARNING * * *
You hit Grinder.
Grinder is lightly wounded.
You constrict Grinder. Grinder hits you!
You die...

#.....
(............#....b
........(..........
................
...<.(.........#
.......(........#
......[..........#
..........†)5....#
..
..........)@....#
...
...............#...
...
..............##
... .............##
... ..............#
.### #............#
... #.........#...#
.# ###.###...#...#
.# # #...#...#


You could see Grinder.

Vanquished Creatures
  Terence (D:3)
  A worker ant (D:2)
  A gnoll (D:1)
  A worm (D:3)
  A dart slug (D:1)
  3 leopard geckos
  2 orcs (D:3)
  A giant cockroach (D:2)
  4 goblins
  6 hobgoblins
  6 jackals (D:3)
  2 quokkas (D:3)
  5 bats
  A frilled lizard (D:1)
  5 kobolds
  10 rats
50 creatures vanquished.

Notes
Turn   | Place    | Note
-------+----------+-------------------------------------------
     0 | D:1      | Dorkslayer the Octopode Assassin began the quest for the
                  | Orb.
     0 | D:1      | Reached XP level 1. HP: 14/14 MP: 1/1
   188 | D:1      | Reached XP level 2. HP: 14/19 MP: 2/2
   270 | D:1      | Reached skill level 6 in Stealth
   376 | D:1      | Reached XP level 3. HP: 24/24 MP: 3/3
   538 | D:2      | Found a hazy altar of Hepliaklqana.
   538 | D:2      | Found an iron altar of Okawaru.
   540 | D:2      | Found a hide-covered altar of Uskayaw.
   540 | D:2      | Found a stormy altar of Qazlal.
   547 | D:2      | Found a snail-covered altar of Cheibriados.
   547 | D:2      | Found a shattered altar of Ashenzari.
   550 | D:2      | Found a glowing golden altar of the Shining One.
   753 | D:2      | Reached XP level 4. HP: 29/29 MP: 4/4
  1074 | D:3      | Reached skill level 7 in Stealth
  1129 | D:3      | Noticed Terence
  1137 | D:3      | Killed Terence
  1510 | D:3      | Noticed Grinder
  1521 | D:3      | Reached XP level 5. HP: 20/36 MP: 1/5
  1527 | D:3      | Slain by Grinder

Levels and vault maps discovered:
D:1:      grunt_arrival_crossed_arrows, layout_loops_ring
D:2:      layout_basic, grunt_temple_overflow_open, due_unseen_surprise
D:3:      layout_basic, uniq_grinder, uniq_terence

Skill      XL: |  1  2  3  4 |
---------------+-------------+-----
Stealth        | 6 7 |  7.2
Fighting       | |  2.9
Short Blades   | |  2.8
Throwing       | |  2.0
Dodging        | |  1.1
Evocations     | |  0.4

Action                   |  1- 3 |  4- 6 || total
-------------------------+-------+-------++-------
Melee: Dagger            |    51 |    40 ||    91
       Constrict         |    11 |    12 ||    23
       Tentacles         |     6 |     6 ||    12
Throw: Dart              |       |    10 ||    10
  Use: Scroll            |       |     5 ||     5
       Potion            |       |     2 ||     2
 Stab: Sleeping          |    12 |     3 ||    15
  Eat: Chunk             |       |     2 ||     2
Armor: Skin              |     7 |       ||     7
Dodge: Dodged            |    21 |    19 ||    40
